 Dungeon Crawl Stone Soup version 0.29-a0-194-g6e3aafee17 (webtiles) character file.

Game seed: 3461548875822463941

100 Woods the Chopper (level 4, -4/36 (37) HPs)
             Began as a Barachi Fighter on Feb 22, 2022.
             Asphyxiated
             ... on level 3 of the Dungeon.
             The game lasted 00:03:09 (1264 turns).

Woods the Chopper (Barachi Fighter)                 Turns: 1264, Time: 00:03:09

HP:   -4/36 (37)    AC: 20    Str: 17    XL:     4   Next: 74%
MP:   4/4           EV:  6    Int:  9    God:
Gold: 103           SH:  4    Dex: 13    Spells: 3/3 levels left

rFire   . . .      SeeInvis .   a - +0 war axe
rCold   . . .      Faith    .   c - +0 buckler
rNeg    + . .      Spirit   .   l - +10 chain mail of Nus Byq {-Tele rN+ rCorr}
rPois   .          Reflect  .   g - +0 helmet
rElec   .          Harm     .   (no cloak)
rCorr   +          Rampage  .   (no gloves)
Will    .....      NoTele   +   (no boots)
Stlth   ..........              i - amulet of regeneration
HPRegen 0.92/turn               (no ring)
MPRegen 0.09/turn               (no ring)

@: lethally poisoned (-4 -> -52), unable to hop, slowed, lightly drained, very
slow
A: amphibious, slowness 1, strong legs 1, +LOS
a: Hop


You were on level 3 of the Dungeon.
You visited 1 branch of the dungeon, and saw 3 of its levels.

You collected 103 gold pieces.

Inventory:

Hand Weapons
 a - a +0 war axe (weapon)
Armour
 b - a +0 scale mail
 c - a +0 buckler (worn)
 g - a +0 helmet (worn)
 l - the +10 chain mail of Nus Byq (worn) {-Tele rN+ rCorr}
   (You found it on level 1 of the Dungeon)

   rN:        It protects you from negative energy.
   -Tele:     It prevents most forms of teleportation.
   rCorr:     It protects you from acid and corrosion.
 x - the +6 scale mail of the Morning Star {rElec}
   (You found it on level 3 of the Dungeon)

   rElec:     It insulates you from electricity.
Jewellery
 i - an amulet of regeneration (around neck)
 u - a +6 ring of dexterity
Scrolls
 e - a scroll of torment
 f - 2 scrolls of identify
 h - a scroll of silence
 n - a scroll of blinking
 o - 2 scrolls of noise
 q - a scroll of teleportation {unknown}
 r - a scroll of immolation {unknown}
 v - a scroll of vulnerability {unknown}
 w - a scroll of summoning {unknown}
Potions
 d - a potion of might
 k - a potion of magic {unknown}
 m - a potion of curing
 p - a potion of haste {unknown}
 s - a potion of attraction {unknown}
 t - a potion of ambrosia {unknown}


   Skills:
 - Level 3.6 Fighting
 + Level 5.2 Axes
 - Level 3.6 Armour
 - Level 3.3 Shields


You had 3 spell levels left.
You didn't know any spells.
Your spell library contained the following spells:

 Spells                   Type           Power      Damage    Failure   Level
 Poisonous Vapours        Pois/Air       0%         N/A       100%        2
 Scorch                   Fire           0%         2d5       100%        2


Dungeon Overview and Level Annotations

Branches:
Dungeon (3/15)

Altars:


Innate Abilities, Weirdness & Mutations

You are amphibious.
You cover ground slowly.
You can hop short distances.
You have an extended range of vision and can be seen from far away.


Message History

* * * LOW HITPOINT WARNING * * *
You feel extremely sick.
You feel much better.
You feel very sick.
You feel very sick.
It was a potion of curing.
You feel better.
The kobold brigand hits you but does no damage.
As you read the scroll labelled RYM WOFAZU, it crumbles to dust.
It is a scroll of identify.
o - 2 scrolls of noise The kobold brigand hits you with a +0 club.
As you read the scroll of identify, it crumbles to dust.
e - a scroll of torment The kobold brigand hits you but does no damage.
You block the kobold brigand's attack.
As you read the scroll of identify, it crumbles to dust.
h - a scroll of silence The kobold brigand hits you with a +0 club.
As you read the scroll of identify, it crumbles to dust.
n - a scroll of blinking You block the kobold brigand's attack.
The kobold brigand hits you with a +0 club.
The kobold brigand hits you with a +1 dagger of draining.
You partially resist.
You feel drained.
The kobold brigand throws a curare-tipped dart.
The curare-tipped dart hits you.
You are poisoned.
You have difficulty breathing.
You feel as though you will be slow longer.
The kobold brigand throws a curare-tipped dart.
The curare-tipped dart hits you.
You are lethally poisoned!
You have difficulty breathing.
* * * LOW HITPOINT WARNING * * *
You feel as though you will be slow longer.
The kobold brigand throws a curare-tipped dart.
The curare-tipped dart hits you.
You are more poisoned.
You have difficulty breathing.
You die...

#.#.#####.##.............
..#......................
..###########............
.>. ##.##......... #.#
#.....######## .#
####.........#
#............# #
#............#
#.#..K.@.......#
#.#.KK##.#######
#........# ###...##.#
#...##.# #...##.#
####....))###########
#.....≈≈).).......... ###
#...≈≈≈≈≈≈≈≈))K#######


You could see 2 kobold brigands and a kobold.

Vanquished Creatures
  A water moccasin zombie (D:3)
  A dart slug (D:3)
  5 bats
  5 endoplasms
  A giant cockroach (D:1)
  4 hobgoblins
  A jackal (D:1)
  6 quokkas
  A goblin (D:1)
  11 kobolds
  4 rats
40 creatures vanquished.

Notes
Turn   | Place    | Note
-------+----------+-------------------------------------------
     0 | D:1      | Woods the Barachi Fighter began the quest for the Orb.
     0 | D:1      | Reached XP level 1. HP: 18/18 MP: 1/1
   252 | D:1      | Reached XP level 2. HP: 25/25 MP: 2/2
   256 | D:1      | Reached skill level 3 in Axes
   343 | D:1      | Found a faded altar of an unknown god.
   357 | D:1      | Identified the +10 chain mail of Nus Byq {-Tele rN+ rCorr}
   627 | D:2      | Got Sif Muna's Grimoire of Flames and Intoxication
   718 | D:2      | Reached XP level 3. HP: 30/30 MP: 3/3
  1099 | D:3      | Reached skill level 4 in Axes
  1155 | D:3      | Reached skill level 5 in Axes
  1155 | D:3      | Reached XP level 4. HP: 30/37 MP: 4/4
  1189 | D:3      | Identified the +6 scale mail of the Morning Star {rElec}
  1236 | D:3      | Noticed a kobold brigand
  1236 | D:3      | Noticed a kobold brigand
  1264 | D:3      | Asphyxiated

Illustrated notes

Levels and vault maps discovered:
D:1:      giann_forest_graveyard, layout_basic,
          hellmonk_ecumenical_altar_lost_god, minmay_tetromino_s2
D:2:      layout_basic, basic_altar, amcnicky_mini_rare_corridor_liquid
D:3:      cheibrodos_thug_alley, layout_basic, corexii_item_surrounded_by_moat

Skill      XL: |  1  2  3 |
---------------+----------+-----
Axes           | 3 5 |  5.2
Fighting       | |  3.6
Armour         | |  3.6
Shields        | |  3.3

Action                   |  1- 3 |  4- 6 || total
-------------------------+-------+-------++-------
Melee: War axe           |   100 |    15 ||   115
 Abil: Hop               |     1 |     1 ||     2
  Use: Scroll            |       |     4 ||     4
       Potion            |       |     3 ||     3
Armor: Scale mail        |    24 |       ||    24
       Chain mail        |    47 |    14 ||    61
Dodge: Dodged            |    41 |    11 ||    52
Block: Buckler           |    26 |    11 ||    37

Table legend: (Time is in decaauts)
 A = Elapsed time spent in this place.
 B = Non-inter-level travel time spent in this place.
 C = Inter-level travel time spent in this place.
 D = Time resting spent in this place.
 E = Time spent auto-exploring this place.
 F = Levels seen in this place.
 G = Mean time per level.
                   A        B        C        D        E       F      G
               +--------+--------+--------+--------+--------+-----+--------+
         Total |   1500 |   1490 |     10 |    103 |    975 |   3 |  500.0 |
       Dungeon |   1500 |   1490 |     10 |    103 |    975 |   3 |  500.0 |
               +--------+--------+--------+--------+--------+-----+--------+

Top non-repeatable levels by time:
     D:1: 711 daAuts
     D:3: 504 daAuts
     D:2: 284 daAuts
